 Dungeon Crawl Stone Soup version 0.25-a0-429-g4e4398398a (webtiles) character file.

Game seed: 6702152409430293550, levelgen mode: deterministic

310 DannyTheDog the Chucker (level 6, -1/59 HPs)
             Began as an Ogre Arcane Marksman on Jan 25, 2020.
             Slain by an orc
             ... wielding a +0 short sword
              (4 damage)
             ... on level 4 of the Dungeon.
             The game lasted 00:18:06 (4220 turns).

DannyTheDog the Chucker (Ogre Arcane Marksman)      Turns: 4220, Time: 00:18:07

Health: -1/59      AC:  3    Str: 15    XL:     6   Next: 41%
Magic:  7/7        EV: 11    Int: 14    God:
Gold:   178        SH:  0    Dex: 11    Spells: 6/7 levels left

rFire    . . .     SeeInvis .   n - +0 mace
rCold    . . .     Gourm    .   (no shield)
rNeg     . . .     Faith    .   a - +0 robe
rPois    .         Spirit   .   (helmet restricted)
rElec    .         Reflect  .   (no cloak)
rCorr    .         Harm     .   (gloves unavailable)
MR       .....                  (boots unavailable)
Stlth    +.........             (no amulet)
HPRegen  0.19/turn              (no ring)
MPRegen  0.10/turn              (no ring)

@: lethally poisoned (-1 -> -8)
A: large, unfitting armour, tough skin 1
a: no special abilities


You were on level 4 of the Dungeon.
You were not hungry.

You visited 1 branch of the dungeon, and saw 4 of its levels.

You collected 178 gold pieces.

Inventory:

Hand Weapons
 d - a +0 club
 n - a +0 mace (weapon)
Missiles
 g - 3 boomerangs (quivered)
Armour
 a - a +0 robe (worn)
 k - a +0 pair of gloves
 o - a +0 buckler
Jewellery
 e - an uncursed ring of stealth
 p - an uncursed amulet of faith
Wands
 l - a wand of random effects (22)
Scrolls
 b - a scroll of teleportation
 c - 2 scrolls of blinking {unknown}
 r - 2 scrolls of enchant armour {unknown}
 t - 2 scrolls of enchant weapon {unknown}
 u - a scroll of random uselessness {unknown}
Potions
 h - a potion of mutation {unknown}
 i - a potion of curing {unknown}
 j - 2 potions of heal wounds {unknown}
 m - a potion of degeneration {unknown}
 q - a potion of brilliance {unknown}
 v - a potion of lignification {unknown}
Comestibles
 f - 9 rations
 w - 3 chunks of flesh


   Skills:
 + Level 2.6 Fighting
 * Level 2.3 Maces & Flails
 + Level 4.0 Throwing
 + Level 3.3 Dodging
 + Level 0.4 Stealth
 + Level 1.2 Spellcasting
 + Level 3.1 Hexes


You had 6 spell levels left.
You knew the following spells:

 Your Spells              Type           Power        Failure   Level  Hunger
a - Corona                Hex            #......      7%          1    ##.....

Your spell library contained the following spells:

 Spells                   Type           Power        Failure   Level  Hunger
 Slow                     Hex            #.......     11%         2    ###....
 Inner Flame              Hex/Fire       #.......     38%         3    ####...
 Portal Projectile        Hex/Tloc       #.....       38%         3    ####...
 Cause Fear               Hex            #.........   56%         4    #####..
 Leda's Liquefaction      Hex/Erth       #.........   80%         4    #####..


Dungeon Overview and Level Annotations

Branches:
Dungeon (4/15)
 Temple: D:4-7

Altars:
Ashenzari
Yredelemnul


Innate Abilities, Weirdness & Mutations

You are too large for most types of armour.
You have tough skin. (AC +1)


Message History

* * * LOW HITPOINT WARNING * * *
You feel sick. The orc wizard closely misses you. The orc barely misses you.
The orc hits you but does no damage.
The worker ant bites you but does no damage.
The orc hits you but does no damage.
The orc wizard hits you with a +0 dagger.
* * * LOW HITPOINT WARNING * * *
Unknown command.
You barely miss the worker ant.
* * * LOW HITPOINT WARNING * * *
You feel sick. The worker ant barely misses you.
The orc hits you but does no damage. The orc barely misses you.
The orc closely misses you. The orc wizard barely misses you.
The worker ant barely misses you. The orc barely misses you.
The orc hits you with a +1 whip of electrocution.
* * * LOW HITPOINT WARNING * * *
You barely miss the orc.
* * * LOW HITPOINT WARNING * * *
You feel sick. The orc hits you with a +0 short sword.
You die...

#...$...######≈≈≈≈...###
#.#.♣(..#...)#≈≈≈≈≈.....
....(..#....#.≈≈≈≈.....
#.....#....######.....
#.....#......<........
#.....#.>............<
#....o#...............
#...ao###'##...###....
#...o@o÷...#+### #....
#...o......# #.....
#..........# #.....
#..........# #.....
#..........# ######
..##+####..... ...
#...... .. #......
#.....


You could see a worker ant, an orc wizard and 4 orcs.

Vanquished Creatures
  A phantom (D:4)
  Crazy Yiuf (D:2)
  An orc wizard (D:3)
  Terence (D:2)
  An iguana (D:4)
  An adder (D:3)
  A gnoll (D:1)
  A river rat (D:3)
  2 worms
  2 dart slugs
  2 leopard geckos
  7 orcs
  4 giant cockroaches
  8 hobgoblins
  6 jackals
  5 kobolds
  3 ball pythons
  9 bats
  2 frilled lizards
  6 goblins
  4 rats
68 creatures vanquished.

Notes
Turn   | Place    | Note
-------+----------+-------------------------------------------
     0 | D:1      | DannyTheDog the Ogre Arcane Marksman began the quest for
                  | the Orb.
     0 | D:1      | Reached XP level 1. HP: 19/19 MP: 2/2
   204 | D:1      | Reached XP level 2. HP: 27/27 MP: 3/3
   524 | D:1      | Reached XP level 3. HP: 11/33 MP: 4/4
   948 | D:2      | Reached skill level 3 in Throwing
  1196 | D:2      | Noticed Terence
  1200 | D:2      | Killed Terence
  1200 | D:2      | Reached XP level 4. HP: 42/42 MP: 5/5
  1476 | D:2      | Found a runed translucent door.
  1477 | D:2      | Noticed Crazy Yiuf
  1483 | D:2      | Killed Crazy Yiuf
  2009 | D:3      | Found a basalt altar of Yredelemnul.
  2294 | D:3      | Found a shattered altar of Ashenzari.
  2321 | D:3      | Reached skill level 1 in Maces & Flails
  2321 | D:3      | Reached XP level 5. HP: 41/49 MP: 6/6
  3667 | D:4      | Found a glowing drain.
  3668 | D:4      | Noticed a phantom
  3899 | D:4      | Killed a phantom
  3899 | D:4      | Reached skill level 4 in Throwing
  3899 | D:4      | Reached XP level 6. HP: 6/59 MP: 7/7
  4220 | D:4      | Slain by an orc

Levels and vault maps discovered:
D:1:      dpeg_arrival_orchard, layout_loops_ring
D:2:      layout_basic, first_ration, chequers_serial_rivers_small_b,
          uniq_terence, uniq_crazy_yiuf_cottage
D:3:      layout_basic, ashenzari_altar_1, lemuel_crystal_altar,
          roderic_serpentine_path
D:4:      layout_gridville, portal_sewer_entry_b, roderic_batcave,
          grunt_ministairs_2, uniq_sigmund

Skill      XL: |  1  2  3  4  5 |
---------------+----------------+-----
Hexes          | 3 |  3.1
Throwing       | 3 4 |  4.0
Dodging        | 2 3 |  3.3
Fighting       | 2 |  2.6
Maces & Flails | 1 2 |  2.3
Stealth        | |  0.4
Spellcasting   | |  1.2

Action                   |  1- 3 |  4- 6 || total
-------------------------+-------+-------++-------
Melee: Unarmed           |    60 |       ||    60
       Club              |     4 |    57 ||    61
       Mace              |       |    98 ||    98
Throw: Large rock        |    38 |    46 ||    84
       Throwing net      |     3 |       ||     3
       Boomerang         |     2 |    32 ||    34
 Cast: Corona            |       |     1 ||     1
  Use: Scroll            |       |     4 ||     4
 Stab: Held in net/web   |     1 |       ||     1
  Eat: Chunk             |       |     7 ||     7
       Ration            |       |     1 ||     1
Armor: Robe              |    53 |    74 ||   127
Dodge: Dodged            |    62 |   155 ||   217

Table legend:
 A = Non-vault XP
 B = Vault XP
 C = Vault XP percentage of total XP
 D = Non-vault monster count
 E = Vault monster count
 F = Vault count percentage of total count
                 A         B        C        D         E       F
            +---------+---------+-------+---------+---------+-------
      Total |     337 |     107 |  24.1 |      58 |      10 |  14.7
            +---------+---------+-------+---------+---------+-------
        D:1 |      38 |       0 |   0.0 |      16 |       0 |   0.0
        D:2 |      26 |      79 |  75.2 |      11 |       2 |  15.4
        D:3 |     108 |      16 |  12.9 |      28 |       3 |   9.7
        D:4 |     165 |      12 |   6.8 |       3 |       5 |  62.5
            +---------+---------+-------+---------+---------+-------
